 Dungeon Crawl Stone Soup version 0.24-a0-458-gfcb5e6da0e (webtiles) character file.

Game seed: 11075842950699787434

98300 drasked the Thaumaturge (level 15, 0/84 HPs)
             Began as a Deep Elf Wizard on June 27, 2019.
             Was the Champion of Vehumet.
             Slain by a wolf spider (5 damage)
             ... on level 1 of the Spider Nest.
             The game lasted 04:04:17 (35403 turns).

drasked the Thaumaturge (Deep Elf Wizard)          Turns: 35403, Time: 04:04:18

Health: 0/84       AC:  9    Str:  4    XL:     15   Next: 74%
Magic:  8/50       EV:  9    Int: 32    God:    Vehumet [******]
Gold:   1233       SH:  0    Dex: 13    Spells: 3/43 levels left

rFire    + + .     SeeInvis +   E - staff of power {MP+17, !aMP+17, !a}
rCold    . . .     Gourm    .   y - +2 shield {rF+} {rF+}
rNeg     . . .     Faith    .   Q - +2 robe {Archmagi}
rPois    +         Spirit   .   b - +1 hat
rElec    +         Reflect  .   k - +2 cloak of Creativity {Int+2}
rCorr    .         Harm     .   h - +0 pair of gloves
MR       +....                  (no boots)
Stlth    ++........             J - amulet of magic regeneration
HPRegen  0.24/turn              F - ring "Axinut" {rElec rF+ Slay-6 SInv}
MPRegen  0.57/turn              P - ring of poison resistance {rPois, !d}

@: held
A: no striking features
a: Renounce Religion


You were on level 1 of the Spider Nest.
You worshipped Vehumet.
Vehumet was exalted by your worship.
You were not hungry.

You visited 7 branches of the dungeon, and saw 27 of its levels.
You also visited: Sewer and Volcano.

You collected 2717 gold pieces.
You spent 1484 gold pieces at shops.

Inventory:

Hand Weapons
 v - a +3 whip of freezing
   (You took it off Pikel on level 4 of the Dungeon)
Missiles
 c - 3 curare-tipped darts
 f - 3 atropa-tipped darts
 o - 58 poisoned darts (quivered)
Armour
 b - a +1 hat (worn)
 h - a +0 pair of gloves (worn)
   (You found it on level 6 of the Lair of Beasts)
 k - the +2 cloak of Creativity (worn) {Int+2}
   (You bought it in a shop on level 2 of the Orcish Mines)

   It affects your intelligence (+2).
 p - the +1 troll leather armour of Responsibility {rElec rPois Regen+ Int+3 Dex-4, regenregen}
   (You found it on level 5 of the Dungeon)

   It affects your intelligence (+3).
   It affects your dexterity (-4).
   It insulates you from electricity.
   It protects you from poison.
   It increases your rate of regeneration.
 y - a +2 shield of fire resistance (worn) {rF+}
   (You found it in a volcano)
 Q - a +2 robe of the Archmagi (worn)
   (You took it off an orc sorcerer on level 2 of the Orcish Mines)
Magical Staves
 E - an uncursed staff of power (weapon) {MP+17, !aMP+17, !a}
   (You found it on level 9 of the Dungeon)
 O - an uncursed staff of wizardry {wiz+, !awiz+, !a}
   (You found it on level 5 of the Lair of Beasts)
Jewellery
 F - the ring "Axinut" (left hand) {rElec rF+ Slay-6 SInv}
   (You bought it in a shop on level 2 of the Orcish Mines)

   [ring of protection from fire]

   It affects your accuracy and damage with ranged weapons and melee attacks
   (-6).
   It protects you from fire.
   It insulates you from electricity.
   It lets you see invisible.
 I - an uncursed ring of protection from cold {rC+, !d}
   (You found it on level 6 of the Lair of Beasts)
 J - an amulet of magic regeneration (around neck)
   (You found it on level 10 of the Dungeon)
 N - an uncursed ring of magical power {MP+9MP+9}
   (You bought it in a shop on level 14 of the Dungeon)
 P - a ring of poison resistance (right hand) {rPois, !d}
   (You bought it in a shop on level 6 of the Dungeon)
Wands
 x - a wand of acid (23)
   (You found it on level 6 of the Dungeon)
 C - a wand of clouds (3)
   (You found it on level 11 of the Dungeon)
 D - a wand of digging (11)
   (You found it on level 11 of the Dungeon)
 G - a wand of iceblast (11)
   (You found it on level 9 of the Dungeon)
 H - a wand of polymorph (16)
   (You found it on level 10 of the Dungeon)
 S - a wand of scattershot (7)
   (You found it on level 3 of the Lair of Beasts)
Scrolls
 i - 5 scrolls of identify
 r - a scroll of amnesia
 t - 9 scrolls of teleportation
 w - 12 scrolls of remove curse
 A - 3 scrolls of enchant armour
 L - 3 scrolls of enchant weapon
 M - a scroll of magic mapping {!r!r}
Potions
 a - 5 potions of lignification {!q!q}
 d - 4 potions of might
 j - 5 potions of flight
 l - 5 potions of heal wounds
 m - 3 potions of cancellation
 n - 2 potions of resistance
 q - 7 potions of curing
 s - 3 potions of agility
 u - 2 potions of magic
 K - 2 potions of invisibility
 R - 2 potions of brilliance
 T - a potion of ambrosia
Miscellaneous
 z - a lightning rod (4/4)
   (You found it on level 4 of the Lair of Beasts)
 U - a phantom mirror
 W - a fan of gales
   (You found it on level 6 of the Lair of Beasts)
Comestibles
 e - 32 rations


   Skills:
 + Level 6.1 Fighting
 - Level 12.0 Dodging
 - Level 2.4 Stealth
 * Level 9.6 Shields
 - Level 14.7 Spellcasting
 - Level 14.1 Conjurations
 - Level 5.6 Charms
   Level 1.1 Summonings
 - Level 5.1 Translocations
 - Level 5.1 Transmutations
 - Level 10.0 Fire Magic
 - Level 5.0 Air Magic
 - Level 5.0 Poison Magic
 + Level 8.8 Evocations


You had 3 spell levels left.
You knew the following spells:

 Your Spells              Type           Power        Failure   Level  Hunger
a - Magic Dart            Conj           ####         0%          1    None
b - Blink                 Tloc           N/A          1%          2    None
c - Conjure Flame         Conj/Fire      ########     1%          3    None
d - Force Lance           Conj/Tloc      #######.     1%          4    None
e - Lightning Bolt        Conj/Air       #######...   1%          5    None
f - Ignite Poison         Fire/Tmut/Pois #######.     1%          3    None
g - Venom Bolt            Conj/Pois      #######...   1%          5    None
h - Bolt of Magma         Conj/Fire/Erth #######...   1%          5    None
i - Orb of Destruction    Conj           ########..   2%          7    #####..
s - Swiftness             Chrm/Air       ######..     1%          2    None
x - Mephitic Cloud        Conj/Pois/Air  #######.     1%          3    None

Your spell library contained the following spells:

 Spells                   Type           Power        Failure   Level  Hunger
 Bolt of Cold             Conj/Ice       #######...   9%          6    ###....
 Searing Ray              Conj           ######       0%          2    None
 Apportation              Tloc           ######       1%          1    None
 Shock                    Conj/Air       ####         1%          1    None
 Dazzling Spray           Conj/Hex       ######       1%          3    None
 Lesser Beckoning         Tloc           ######....   1%          3    None
 Static Discharge         Conj/Air       #######.     1%          3    None
 Summon Butterflies       Summ           #####...     2%          1    None
 Summon Small Mammal      Summ           ####         2%          1    None
 Call Imp                 Summ           #####...     3%          2    None
 Slow                     Hex            #####...     5%          2    None
 Call Canine Familiar     Summ           #####...     7%          3    None
 Summon Guardian Golem    Hex/Summ       #####...     9%          3    None
 Tukima's Dance           Hex            #####...     11%         3    None
 Airstrike                Air            ######....   1%          4    None
 Fulminant Prism          Conj/Hex       #######...   1%          4    None
 Iskenderun's Mystic Bla  Conj           ########     1%          4    None
 Iskenderun's Battlesphe  Conj/Chrm      #######.     1%          5    None
 Iron Shot                Conj/Erth      #######...   9%          6    ###....
 Summon Lightning Spire   Summ/Air       ######..     11%         4    None
 Alistair's Intoxication  Tmut/Pois      ######..     13%         5    None
 Summon Ice Beast         Ice/Summ       #####...     30%         4    None
 Spellforged Servitor     Conj/Summ      #######...   32%         7    #####..
 Invisibility             Hex            #####...     99%         6    ###....


Dungeon Overview and Level Annotations

Branches:
Dungeon (15/15)            Temple (1/1) D:5            Lair (6/6) D:11
  Swamp (1/4) Lair:4       Spider (1/4) Lair:4        Slime (0/5) Lair:5
    Orc (2/2) D:10            Elf (0/3) Orc:2        Vaults (0/5) D:14
 Depths (1/5) D:15

Altars:
Ashenzari
Cheibriados
Dithmenos
Elyvilon
Fedhas
Hepliaklqana
Kikubaaqudgha
Makhleb
Okawaru
Qazlal
Ru
Sif Muna
Trog
Uskayaw
Vehumet
Yredelemnul
Zin
Beogh
Jiyva

Shops:
D:4 *   D:5 *   D:6 *   D:12 }   D:14 }=[=   Orc:2 =[*(

Annotations:
D:7 exclusion: downstairs


Message History

Josephine looks even sicker.
You kill Josephine!
You feel your power returning.
The bolt of poison hits Agnes!!
Agnes looks even sicker.
* * * LOW MAGIC WARNING * * *
A wolf spider comes into view.
The jumping spider closely misses you.
The jumping spider bites you but does no damage.
Aim: Agnes, wielding a +0 lajatang and wearing a cursed +0 robe (noxious fumes, almost dead, poisoned, confused)
You feel a surge of power!
The bolt of poison hits Agnes!!!
Agnes looks even sicker.
You kill Agnes!
You feel your power returning.
* * * LOW MAGIC WARNING * * *
The wolf spider is engulfed in noxious fumes.
The wolf spider appears confused.
The wolf spider misses you.
The wolf spider bites you but does no damage.
The jumping spider closely misses you.
The jumping spider bites you but does no damage.
The jumping spider pounces on you!
You are even more entangled.
The jumping spider bites you but does no damage.
You can't do that while caught in a web.
Aim: a wolf spider
Okay, then.
Aim: a wolf spider (noxious fumes, lightly wounded, confused)
You feel a surge of power!
The lance of force hits the wolf spider!
The wolf spider is knocked back by the lance of force.
* * * LOW MAGIC WARNING * * *
The jumping spider leaps!
A jumping spider comes into view.
The jumping spider pounces on you!
* * * LOW HITPOINT WARNING * * *
You are even more entangled.
The jumping spider closely misses you.
Okay, then.
Aim: a jumping spider (confused)
You feel a surge of power!
The lance of force hits the jumping spider!!
The jumping spider is knocked back by the lance of force.
The jumping spider hisses angrily.
* * * LOW MAGIC WARNING * * *
The jumping spider leaps! x2
You are confused.
You feel invigorated.
The jumping spider leaps!
The jumping spider is engulfed in noxious fumes.
The jumping spider appears confused.
You feel better.
You feel less invigorated. The wolf spider hits you. The wolf spider bites you!
The wolf spider hits you!
* * * LOW HITPOINT WARNING * * *
The wolf spider misses you.
Aim: a wolf spider You feel a surge of power!
The lance of force misses the wolf spider.
* * * LOW MAGIC WARNING * * *
The wolf spider barely misses you.
The wolf spider bites you but does no damage.
The jumping spider barely misses you.
The jumping spider bites you but does no damage.
Aim: a wolf spider You feel a surge of power!
The lance of force hits the wolf spider!!
The wolf spider is knocked back by the lance of force.
* * * LOW MAGIC WARNING * * *
The wolf spider seems less confused.
The jumping spider leaps!
Aim: a wolf spider (lightly wounded)
You feel a surge of power!
The lance of force hits the wolf spider!
The wolf spider is knocked back by the lance of force.
* * * LOW MAGIC WARNING * * *
The jumping spider seems less confused.
The jumping spider leaps!
The jumping spider barely misses you.
The jumping spider bites you but does no damage.
Aim: a wolf spider (heavily wounded)
You feel a surge of power!
The lance of force hits the wolf spider!!
The wolf spider is knocked back by the lance of force.
* * * LOW MAGIC WARNING * * *
The jumping spider pounces on you.
* * * LOW HITPOINT WARNING * * *
The jumping spider bites you but does no damage.
The wolf spider hits you!
* * * LOW HITPOINT WARNING * * *
The wolf spider bites you.
* * * LOW HITPOINT WARNING * * *
The jumping spider pounces on you!
* * * LOW HITPOINT WARNING * * *
The jumping spider bites you.
* * * LOW HITPOINT WARNING * * *
The jumping spider barely misses you. x2; The wolf spider hits you!
* * * LOW HITPOINT WARNING * * *
The wolf spider bites you but does no damage.
You feel much better. The jumping spider pounces on you.
* * * LOW HITPOINT WARNING * * *
The jumping spider barely misses you. The jumping spider pounces on you.
* * * LOW HITPOINT WARNING * * *
The jumping spider bites you but does no damage.
The wolf spider hits you!
* * * LOW HITPOINT WARNING * * *
The wolf spider bites you.
You die...

### ......?..
##.. .... ....
#...##........
##......#.s...
#.#..)........
#....).......
##.#..s>......
#....s@s.#
#.^.....s......
##...!.........
###.........#.
###.........
##........
#........
###......


You could see 2 wolf spiders and 3 jumping spiders.

Levels and vault maps discovered:
D:1:      zaba_arrival_water, layout_basic, dk_noncrumbling_3
D:2:      layout_basic, grunt_dithmenos_smoke_and_mirrors,
          chequers_temple_overflow_statue_of_worship, uniq_natasha
D:3:      layout_basic, portal_sewer_entry_e, cheibrodos_ashenzari_chains
D:4:      layout_basic, serial_shops, shop, uniq_pikel, uniq_grinder
D:5:      layout_gridville, minmay_temple_entry_proselytizer, serial_shops,
          kennysheep_mini_moat, first_ration, minmay_misc_feat_nine_boxes,
          uniq_prince_ribbit1
D:6:      layout_basic, elyvilon_altar_4, guppyfry_shop_venom
D:7:      layout_basic, yredelemnul_altar_generic, lightli_temple_of_fire,
          kennysheep_okawaru_gauntlet
D:8:      layout_rooms, kennysheep_vampire_church,
          nicolae_overflow_hidden_temple, lemuel_blue_sif_altar,
          grunt_temple_overflow_open, uniq_psyche
D:9:      layout_stronghold
D:10:     layout_basic, orc_0_dummy
D:11:     layout_gridville, david_lair_generic, uniq_sonja
D:12:     layout_loops_ring, serial_shops, kennysheep_mini,
          gauntlet_entry_generic, uniq_nessos
D:13:     layout_basic, hangedman_little_slice_of_home
D:14:     layout_loops_ring, lightli_vaults_fourway_checkpoint, serial_glass,
          glass_columns_b, glass_columns_b, glass_columns_a, glass_columns_a,
          glass_columns_b, glass_columns_a, hangedman_abyss_or_decor_slice,
          serial_shops, nicolae_shop_trees, shop, shop, nicolae_shop_stone
D:15:     hangedman_depths_entry_civil_slaughter, layout_loops_ring,
          minmay_strange_pillars
Temple:   pf_slimified_temple
Lair:1:   beast_lair_carwin_large_1, layout_regular_city, uniq_urug
Lair:2:   beast_lair_carwin_large_3, layout_cave_pods, lemuel_fruit_tree,
          lemuel_fruit_fields
Lair:3:   beast_lair_carwin_large_4, layout_cave_pods, enter_volcano_1,
          chequers_serial_rivers_small_a, eino_house_with_fridge
Lair:4:   layout_regular_city, swamp_mist, spider_nest_entry_web_field
Lair:5:   layout_small_grid, slime_altar_1
Lair:6:   minmay_lair_end_enchanted_forest, layout_cave_pods
Swamp:1:  layout_basic_swamp, evilmike_swamp_ruin_house_4
Spider:1: layout_spider_delve, uniq_josephine, uniq_agnes, uniq_nikola
Orc:1:    layout_diamond_mine, nicolae_orc_tapped_out, uniq_erolcha,
          uniq_maurice
Orc:2:    grunt_orc_gardens, layout_caves, grunt_orc_garden, grunt_orc_garden,
          grunt_orc_garden, grunt_orc_garden, lemuel_statue_altar, uniq_jorgrun
Depths:1: layout_big_octagon, solitary_fountain, pf_hell_entry_great_geh,
          hangedman_abyss_entry_splay, minivault_16, statue_in_the_mist_lemuel,
          grunt_ministairs_12, lemuel_freeze_loot_1, serial_bayou_shore_b,
          uniq_enchantress, uniq_aizul

Notes
Turn   | Place    | Note
-------+----------+-------------------------------------------
     0 | D:1      | drasked the Deep Elf Wizard began the quest for the Orb.
     0 | D:1      | Reached XP level 1. HP: 10/10 MP: 7/7
    21 | D:1      | Identified a +0 club
   277 | D:1      | Reached skill level 2 in Conjurations
   332 | D:1      | Identified a +0 club
   333 | D:1      | Identified a +0 club
   336 | D:1      | Reached XP level 2. HP: 15/15 MP: 5/9
   339 | D:1      | Identified a +0 dagger
   381 | D:1      | Identified a +0 hand axe
   547 | D:1      | Identified a +0 whip
  1080 | D:1      | Identified a +0 club
  1081 | D:1      | Reached skill level 3 in Conjurations
  1098 | D:1      | Identified a +0 club
  1427 | D:1      | Identified a +0 club
  1479 | D:1      | Reached XP level 3. HP: 18/19 MP: 6/10
  1513 | D:1      | Identified a +0 club
  1516 | D:1      | Identified a +0 club
  1741 | D:1      | Identified a +0 club
  1858 | D:1      | Identified 2 scrolls of identify
  1858 | D:1      | Identified a scroll of enchant weapon
  1890 | D:2      | Reached skill level 4 in Conjurations
  1891 | D:2      | Identified a +0 club
  1893 | D:2      | Identified a +0 dagger
  1962 | D:2      | Identified a +0 dagger
  1994 | D:2      | Identified a +0 dagger
  2156 | D:2      | Identified a +0 dagger
  2158 | D:2      | Reached XP level 4. HP: 24/24 MP: 9/12
  2196 | D:2      | Found a shadowy altar of Dithmenos.
  2308 | D:2      | Identified a +0 club
  2354 | D:2      | Identified a +0 plate armour
  2400 | D:2      | Found a hide-covered altar of Uskayaw.
  2401 | D:2      | Found a stormy altar of Qazlal.
  2460 | D:2      | Noticed Natasha
  2463 | D:2      | Killed Natasha
  2474 | D:2      | Identified a ring of strength (You found it on level 2 of
                  | the Dungeon)
  2475 | D:2      | Identified a potion of flight
  2583 | D:2      | Identified a +0 club
  2590 | D:2      | Learned a level 2 spell: Blink
  2594 | D:2      | Learned a level 3 spell: Conjure Flame
  2598 | D:2      | Learned a level 3 spell: Mephitic Cloud
  2630 | D:2      | Identified a +0 dagger
  2631 | D:2      | Reached skill level 5 in Conjurations
  2838 | D:3      | Identified a +0 short sword
  2882 | D:3      | Found a shattered altar of Ashenzari.
  2909 | D:3      | Reached XP level 5. HP: 28/28 MP: 6/13
  2934 | D:3      | Identified a +0 club
  2972 | D:3      | Reached skill level 1 in Poison Magic
  2978 | D:3      | HP: 7/28 [poisoned by an adder]
  2984 | D:3      | HP: 6/28 [poisoned by an adder]
  2992 | D:3      | HP: 4/28 [poisoned by an adder]
  3025 | D:3      | Identified a +0 mace
  3053 | D:3      | Identified a +0 dagger
  3062 | D:3      | Reached skill level 1 in Air Magic
  3069 | D:3      | Identified a +0 short sword
  3069 | D:3      | Identified a +0 scale mail
  3138 | D:3      | Identified a +0 club
  3187 | D:3      | Found a glowing drain.
  3255 | Sewer    | Entered a sewer
  3353 | Sewer    | Reached skill level 1 in Fire Magic
  3421 | Sewer    | Identified a +0 club
  3620 | Sewer    | Identified a cursed -1 whip
  3620 | Sewer    | Identified a +0 short sword
  3620 | Sewer    | Identified a +0 short sword
  3840 | Sewer    | Reached skill level 2 in Poison Magic
  3857 | Sewer    | Reached XP level 6. HP: 32/32 MP: 6/14
  3950 | Sewer    | Reached skill level 2 in Air Magic
  3954 | Sewer    | Reached skill level 2 in Fire Magic
  4159 | Sewer    | Identified a +0 club
  4159 | Sewer    | Identified a +0 club
  4159 | Sewer    | Identified a cursed -3 whip
  4169 | Sewer    | Reached skill level 3 in Fire Magic
  4395 | Sewer    | Identified a +0 whip
  4395 | Sewer    | Identified a +0 whip
  4395 | Sewer    | Identified a +1 short sword of protection
  4648 | Sewer    | Identified 11 potions of heal wounds
  5085 | D:3      | Identified a +0 flail
  5085 | D:3      | Identified a +0 leather armour
  5087 | D:3      | Identified a +0 flail
  5094 | D:3      | Identified a +2 trident of flaming
  5390 | D:3      | Reached skill level 4 in Fire Magic
  5419 | D:4      | Identified a +0 trident
  5419 | D:4      | Identified a +0 ring mail
  5421 | D:4      | Identified a +0 dagger
  5421 | D:4      | Identified a +0 robe
  5588 | D:4      | Identified a +0 giant club
  5594 | D:4      | Reached XP level 7. HP: 36/36 MP: 2/15
  5762 | D:4      | Identified a +2 whip of freezing
  5762 | D:4      | Identified a +0 robe
  5762 | D:4      | Noticed Pikel
  5967 | D:4      | Killed Pikel
  5967 | D:4      | Reached skill level 7 in Conjurations
  5967 | D:4      | Reached skill level 6 in Fire Magic
  5967 | D:4      | Reached XP level 8. HP: 41/41 MP: 0/16
  6385 | D:4      | Found Vumom's Assorted Antiques.
  6393 | D:4      | Bought an amethyst potion for 18 gold pieces
  6393 | D:4      | Bought a pitted zirconium amulet for 100 gold pieces
  6393 | D:4      | Bought a scroll labeled FOKUNI LOAGRIT for 20 gold pieces
  6393 | D:4      | Bought a sedimented inky potion for 18 gold pieces
  6393 | D:4      | Identified the amulet "Nocva" {Faith +Fly rElec Int-4} (You
                  | bought it in a shop on level 4 of the Dungeon)
  6710 | D:4      | Noticed Grinder
  6717 | D:4      | Paralysed by Grinder for 4 turns
  6732 | D:4      | Killed Grinder
  6956 | D:5      | Entered Level 5 of the Dungeon
  7259 | D:5      | Reached skill level 7 in Fire Magic
  7259 | D:5      | Identified a +0 flail
  7514 | D:5      | meem: I am meem, an upgrade of beem built by MalcolmRose
                  | (check out Malcolm's DCSS vids and other projects at
                  | http://youtube.com/malcolmrosegaming). To have me follow
                  | you in your games, type !subscribemeem - to make me go away
                  | forever, type !quitmeem - For help, type: !meem
  7517 | D:5      | Reached skill level 8 in Conjurations
  7728 | D:5      | Identified a +1 short sword of flaming
  7728 | D:5      | Identified a +0 chain mail
  7728 | D:5      | Identified a +0 dagger
  7728 | D:5      | Identified a +0 robe
  7736 | D:5      | Identified a +0 dagger
  7736 | D:5      | Identified a +0 robe
  7744 | D:5      | Identified a +0 dagger
  7744 | D:5      | Identified a +0 robe
  7770 | D:5      | HP: 7/41 [orc wizard/magic dart (11)]
  7774 | D:5      | HP: 3/41 [orc wizard/+0 dagger (4)]
  8048 | D:5      | Identified a +0 shortbow
  8135 | D:5      | Reached skill level 5 in Spellcasting
  8281 | D:5      | Found a staircase to the Ecumenical Temple.
  8288 | Temple   | Entered the Ecumenical Temple
  8310 | Temple   | Became a worshipper of Vehumet
  8347 | D:5      | Got a faintly glowing troll leather armour {regenregen}
  8351 | D:5      | Identified a +3 shortbow
  8400 | D:4      | Identified the +1 troll leather armour of Responsibility
                  | {rElec rPois Regen+ Int+3 Dex-4, regenregen} (You found it
                  | on level 5 of the Dungeon)
  8400 | D:4      | Identified 3 scrolls of remove curse
  8401 | D:4      | Identified 4 scrolls of teleportation
  8402 | D:4      | Identified 2 scrolls of amnesia
  8403 | D:4      | Identified a scroll of enchant armour
  8569 | D:5      | Identified a +0 falchion
  8569 | D:5      | Identified a +0 ring mail
  8575 | D:5      | Noticed Prince Ribbit
  8576 | D:5      | Identified a +0 club
  8576 | D:5      | Identified a +0 scale mail
  8596 | D:5      | Killed Prince Ribbit
  8710 | D:5      | Identified a +0 short sword
  8710 | D:5      | Identified a +0 ring mail
  8861 | D:5      | HP: 6/41 [orc priest/nerve-wracking pain (10)]
  8939 | D:4      | HP: 8/41 [ice beast (10)]
  8989 | D:4      | Reached skill level 6 in Spellcasting
  8989 | D:4      | Reached skill level 8 in Fire Magic
  8989 | D:4      | Reached XP level 9. HP: 37/45 MP: 15/20
  8993 | D:4      | Identified an amulet of rage (You found it on level 5 of
                  | the Dungeon)
  9079 | D:5      | Identified a +0 dagger
  9079 | D:5      | Identified a +0 robe
  9238 | D:5      | Found Famus's General Store.
  9414 | D:6      | Reached skill level 9 in Conjurations
  9543 | D:6      | Found Womidypn's Serpentskin Sales.
  9622 | D:6      | Found a white marble altar of Elyvilon.
  9640 | D:6      | Identified a +0 club
  9640 | D:6      | Identified a +0 chain mail of fire resistance
  9640 | D:6      | Identified a +0 club
  9643 | D:6      | Identified a +0 leather armour
  9733 | D:6      | Identified a +0 giant club
  9765 | D:6      | Identified a +0 cloak (You found it on level 6 of the
                  | Dungeon)
  9862 | D:6      | Reached * piety under Vehumet
  9862 | D:6      | Offered knowledge of Freeze by Vehumet.
 10084 | D:6      | Reached skill level 7 in Spellcasting
 10853 | D:7      | Found a bloodstained altar of Trog.
 10947 | D:7      | Identified a +0 spear
 10947 | D:7      | Identified a +0 spear
 10983 | D:7      | Found an iron altar of Okawaru.
 11068 | D:7      | Found a basalt altar of Yredelemnul.
 11256 | D:7      | Reached skill level 9 in Fire Magic
 11828 | D:8      | Identified a +3 dagger of distortion
 11828 | D:8      | Identified a +2 robe of positive energy
 11828 | D:8      | Noticed Psyche
 11828 | D:8      | Identified a +0 flail
 11828 | D:8      | Identified a +0 falchion
 11828 | D:8      | Identified a +0 dagger
 11828 | D:8      | Identified a +0 robe
 11828 | D:8      | Identified a +0 war axe
 11828 | D:8      | Identified a +0 leather armour
 11828 | D:8      | Identified a cursed +0 club
 11828 | D:8      | Identified a +0 ring mail
 11828 | D:8      | Identified a +0 glaive
 11828 | D:8      | Identified a cursed +0 plate armour
 11828 | D:8      | Identified a +0 dagger
 11828 | D:8      | Identified a +0 robe
 11828 | D:8      | Identified a +0 hand axe
 11828 | D:8      | Identified a +0 leather armour
 11828 | D:8      | Identified a +0 dagger
 11828 | D:8      | Identified a +0 robe
 11828 | D:8      | Identified a +0 dagger
 11828 | D:8      | Identified a +0 chain mail
 11877 | D:7      | Reached skill level 8 in Spellcasting
 12147 | D:7      | Learned a level 4 spell: Force Lance
 12216 | D:8      | HP: 7/45 [orc wizard/magic dart (7)]
 12387 | D:7      | Reached skill level 2 in Translocations
 12748 | D:8      | Reached skill level 10 in Conjurations
 12930 | D:8      | Identified a cursed +0 long sword
 12930 | D:8      | Identified a +0 robe
 12934 | D:8      | Identified a cursed +1 battleaxe
 12934 | D:8      | Identified a +0 robe
 12940 | D:8      | Identified a cursed +4 spear
 12940 | D:8      | Identified a +0 robe
 12957 | D:8      | Reached XP level 10. HP: 50/50 MP: 4/24
 13079 | D:8      | Reached ** piety under Vehumet
 13100 | D:8      | Identified a +0 chain mail
 13103 | D:8      | Reached skill level 3 in Translocations
 13108 | D:8      | Offered knowledge of Sandblast by Vehumet.
 13356 | D:8      | Found an iron altar of Okawaru.
 13401 | D:8      | Reached skill level 9 in Spellcasting
 13462 | D:8      | Identified 3 potions of curing
 13463 | D:8      | Identified 2 potions of cancellation
 13593 | D:8      | Killed Psyche
 13742 | D:8      | Found an ancient bone altar of Kikubaaqudgha.
 13935 | D:8      | Found a shattered altar of Ashenzari.
 13939 | D:8      | Found a hazy altar of Hepliaklqana.
 13994 | D:8      | Found a deep blue altar of Sif Muna.
 14286 | D:9      | Identified a +0 shortbow
 14423 | D:9      | Identified a +0 battleaxe
 14423 | D:9      | Identified a +0 plate armour
 14425 | D:9      | Identified a +0 whip
 14425 | D:9      | Identified a cursed +0 leather armour
 14427 | D:9      | Identified a +0 short sword
 14431 | D:9      | Reached skill level 4 in Translocations
 14434 | D:9      | Identified a +0 falchion
 14434 | D:9      | Identified a cursed +0 scale mail
 14727 | D:9      | Identified a +0 club
 14729 | D:9      | Identified a +0 spear
 14729 | D:9      | Identified a +0 scale mail
 14731 | D:9      | Identified a +0 club
 14734 | D:9      | Identified a +0 halberd
 15030 | D:9      | Identified a +0 giant club
 15030 | D:9      | Identified a +0 giant spiked club
 15030 | D:9      | Noticed a two-headed ogre
 15052 | D:9      | Killed a two-headed ogre
 15052 | D:9      | Reached skill level 10 in Spellcasting
 15233 | D:9      | Reached skill level 5 in Translocations
 15344 | D:9      | Identified a +0 whip
 15353 | D:9      | Identified a +0 club
 15383 | D:9      | Identified a +4 mace
 15383 | D:9      | Identified a +0 scale mail
 15396 | D:9      | Identified a +0 club
 15396 | D:9      | Identified a cursed -3 hunting sling
 15396 | D:9      | Identified a +0 hand axe
 15529 | D:9      | Reached skill level 11 in Conjurations
 15931 | D:10     | Entered Level 10 of the Dungeon
 16000 | D:10     | Found a staircase to the Orcish Mines.
 16249 | D:10     | Identified a +0 war axe
 16249 | D:10     | Identified a +0 scale mail
 16540 | D:10     | Identified a +0 mace
 16540 | D:10     | Identified a +0 ring mail
 16734 | D:10     | Identified an amulet of magic regeneration (You found it on
                  | level 10 of the Dungeon)
 16739 | D:10     | Identified a scroll of fear
 16740 | D:10     | Identified 2 scrolls of magic mapping
 16741 | D:10     | Identified 2 scrolls of blinking
 16742 | D:10     | Identified a scroll of vulnerability
 16986 | D:11     | Identified a +0 dagger
 16986 | D:11     | Identified a +0 leather armour
 17003 | D:11     | Identified a +0 shortbow
 17007 | D:11     | Identified a +0 shortbow
 17007 | D:11     | Identified a +0 shortbow
 17014 | D:11     | Identified a +0 shortbow
 17017 | D:11     | Offered knowledge of Throw Flame by Vehumet.
 17017 | D:11     | Reached skill level 1 in Fighting
 17017 | D:11     | Reached skill level 3 in Dodging
 17040 | D:11     | Identified a +0 shortbow
 17051 | D:11     | Identified a +0 shortbow
 17145 | D:11     | Noticed an elephant
 17174 | D:11     | Killed an elephant
 17174 | D:11     | Reached skill level 2 in Fighting
 17174 | D:11     | Reached skill level 4 in Dodging
 17317 | D:11     | Found a staircase to the Lair.
 17354 | D:11     | Noticed a red ugly thing
 17367 | D:11     | Learned a level 2 spell: Swiftness
 17373 | D:11     | Learned a level 5 spell: Lightning Bolt
 17381 | D:11     | Killed a red ugly thing
 17381 | D:11     | Reached XP level 11. HP: 58/58 MP: 27/27
 17593 | D:11     | Identified a cursed -2 giant club
 17593 | D:11     | Identified a +0 giant spiked club
 17593 | D:11     | Noticed a two-headed ogre
 17607 | D:11     | Identified a +0 buckler (You found it on level 11 of the
                  | Dungeon)
 17627 | D:11     | Killed a two-headed ogre
 17627 | D:11     | Reached skill level 5 in Dodging
 17888 | D:11     | Identified a +0 short sword of distortion
 17888 | D:11     | Noticed Sonja
 17894 | D:11     | Killed Sonja
 17894 | D:11     | Reached skill level 3 in Fighting
 17894 | D:11     | Reached skill level 1 in Shields
 17894 | D:11     | Reached skill level 3 in Air Magic
 17930 | D:11     | Identified a +0 giant spiked club
 17930 | D:11     | Identified a +0 giant club
 17930 | D:11     | Noticed a two-headed ogre
 17937 | D:11     | Killed a two-headed ogre
 17937 | D:11     | Reached *** piety under Vehumet
 18166 | D:12     | Identified a +0 club
 18166 | D:12     | Identified a +0 dagger
 18166 | D:12     | Identified a +0 robe
 18166 | D:12     | Identified a +0 morningstar
 18167 | D:12     | Noticed a red ugly thing
 18169 | D:12     | Identified a +2 rapier of protection
 18169 | D:12     | Noticed a deep elf mage
 18170 | D:12     | Identified a +0 leather armour
 18209 | D:11     | Reached skill level 2 in Shields
 18272 | D:12     | Identified a +0 short sword
 18272 | D:12     | Identified a +0 short sword
 18272 | D:12     | Identified a cursed +0 club
 18274 | D:12     | Identified a +0 club
 18292 | D:12     | Identified a +1 longbow of flaming
 18292 | D:12     | Identified a +0 centaur barding
 18292 | D:12     | Noticed Nessos
 18298 | D:12     | Killed Nessos
 18298 | D:12     | Reached skill level 6 in Dodging
 18298 | D:12     | Reached skill level 4 in Air Magic
 18455 | D:12     | Killed a red ugly thing
 18461 | D:12     | Killed a deep elf mage
 18461 | D:12     | Reached skill level 4 in Fighting
 18477 | D:11     | Reached skill level 3 in Shields
 18543 | D:11     | Reached skill level 7 in Dodging
 18613 | D:11     | Reached skill level 5 in Air Magic
 18756 | D:12     | Identified a +0 troll leather armour
 18811 | D:12     | HP: 11/61 [something (10)]
 18815 | D:12     | Killed an unseen horror
 18815 | D:12     | Offered knowledge of Ignite Poison by Vehumet.
 18815 | D:12     | Reached skill level 4 in Shields
 18962 | D:12     | Reached skill level 8 in Dodging
 18965 | D:12     | Reached skill level 1 in Charms
 19026 | D:12     | Found Zuphauso's Gadget Emporium.
 19368 | D:13     | Identified a +0 giant spiked club
 19402 | D:13     | Reached XP level 12. HP: 66/66 MP: 13/28
 19424 | D:13     | Identified a +0 shortbow
 19424 | D:13     | Noticed a centaur warrior
 19480 | D:12     | Reached skill level 2 in Charms
 19496 | D:12     | Reached skill level 3 in Poison Magic
 19560 | D:13     | Reached skill level 3 in Charms
 19584 | D:13     | Identified a +0 war axe
 19584 | D:13     | Identified a +0 robe
 19586 | D:13     | Identified a +0 hand axe
 19586 | D:13     | Identified a +0 robe
 19591 | D:13     | Identified a +0 hand axe
 19591 | D:13     | Identified a +0 robe
 19595 | D:13     | Reached skill level 4 in Charms
 19606 | D:13     | Learned a level 3 spell: Ignite Poison
 19606 | D:13     | Identified a +0 quarterstaff
 19606 | D:13     | Identified a +0 robe
 19645 | D:13     | Identified a +1 hand axe of flaming
 19646 | D:13     | Identified a +0 trident
 19651 | D:13     | Identified a +1 war axe of freezing
 19651 | D:13     | Identified a +0 plate armour
 19652 | D:13     | Identified a +1 hand axe of distortion
 19652 | D:13     | Identified a +0 leather armour
 19659 | D:13     | Reached skill level 4 in Poison Magic
 19894 | D:13     | Reached skill level 5 in Fighting
 20009 | D:13     | Reached **** piety under Vehumet
 20009 | D:13     | Reached skill level 1 in Transmutations
 20060 | D:13     | Identified a +0 shortbow
 20060 | D:13     | Noticed a centaur warrior
 20066 | D:13     | Killed a centaur warrior
 20066 | D:13     | Reached skill level 5 in Charms
 20066 | D:13     | Reached skill level 2 in Transmutations
 20084 | D:13     | Reached skill level 3 in Transmutations
 20184 | D:13     | Identified a +0 shortbow
 20255 | D:13     | Reached skill level 4 in Transmutations
 20268 | D:13     | Killed a centaur warrior
 20268 | D:13     | Offered knowledge of Fireball by Vehumet.
 20268 | D:13     | Reached skill level 10 in Fire Magic
 20685 | D:14     | Found Ythytiez's Jewellery Emporium.
 20716 | D:14     | Found Ehoczeh's Jewellery Boutique.
 20724 | D:14     | Bought an uncursed ring of magical power for 280 gold
                  | pieces
 20757 | D:14     | Identified a +0 great sword
 20757 | D:14     | Identified a +0 leather armour
 20757 | D:14     | Noticed a tengu warrior
 20762 | D:14     | Identified a +0 battleaxe
 20762 | D:14     | Identified a +0 leather armour
 20762 | D:14     | Noticed a tengu warrior
 20764 | D:14     | Killed a tengu warrior
 20771 | D:14     | Killed a tengu warrior
 20771 | D:14     | Reached skill level 5 in Transmutations
 20771 | D:14     | Reached skill level 5 in Poison Magic
 20964 | D:14     | Reached skill level 11 in Spellcasting
 21055 | D:14     | Found Icaphy's Gadget Shop.
 21087 | D:14     | Found Optoppan's Antique Armour Shoppe.
 21140 | D:14     | Identified a +0 shortbow
 21140 | D:14     | Noticed a centaur warrior
 21149 | D:14     | Killed a centaur warrior
 21195 | D:14     | Found a gate to the Vaults.
 21195 | D:14     | Identified a +2 great sword
 21195 | D:14     | Identified a +0 plate armour
 21195 | D:14     | Noticed a vault guard
 21195 | D:14     | Identified a +1 dire flail of protection
 21195 | D:14     | Identified a +0 chain mail
 21195 | D:14     | Noticed a vault guard
 21195 | D:14     | Identified a +0 long sword
 21195 | D:14     | Identified a +0 plate armour
 21195 | D:14     | Identified a +0 shield
 21195 | D:14     | Noticed a vault guard
 21195 | D:14     | Identified a +0 flail
 21195 | D:14     | Identified a +0 great sword
 21195 | D:14     | Identified a +0 plate armour
 21195 | D:14     | Noticed a vault guard
 21203 | D:14     | Identified a +0 shortbow
 21203 | D:14     | Noticed a centaur warrior
 21205 | D:14     | Reached skill level 12 in Spellcasting
 21208 | D:14     | Killed a centaur warrior
 21210 | D:14     | Identified a +4 long sword
 21210 | D:14     | Identified a +0 robe
 21217 | D:14     | Killed a vault guard
 21218 | D:14     | Killed a vault guard
 21218 | D:14     | Reached XP level 13. HP: 37/72 MP: 14/31
 21221 | D:14     | Reached skill level 9 in Dodging
 21231 | D:14     | HP: 17/72 [vault guard/+2 great sword (15)]
 21522 | D:14     | Reached skill level 12 in Conjurations
 21750 | Lair:1   | Entered Level 1 of the Lair of Beasts
 21964 | Lair:1   | Identified a +3 broad axe of flaming
 21964 | Lair:1   | Identified a +3 chain mail of magic resistance
 21964 | Lair:1   | Noticed Urug
 21981 | Lair:1   | Killed Urug
 22071 | Lair:1   | Reached skill level 10 in Dodging
 22415 | Lair:1   | Identified a +2 cloak of invisibility (You found it on
                  | level 1 of the Lair of Beasts)
 22732 | Lair:2   | Learned a level 5 spell: Venom Bolt
 22738 | Lair:2   | Learned a level 5 spell: Bolt of Magma
 22814 | Lair:2   | Reached ***** piety under Vehumet
 22814 | Lair:2   | Offered knowledge of Conjure Ball Lightning by Vehumet.
 23619 | Lair:2   | Reached skill level 11 in Dodging
 24007 | Lair:3   | Reached skill level 13 in Spellcasting
 24121 | Lair:3   | Found a dark tunnel.
 24130 | Volcano  | Entered a volcano
 24178 | Volcano  | Identified a +0 flail
 24178 | Volcano  | Identified a +3 flail of venom
 24230 | Volcano  | Identified a +1 flail of draining
 24262 | Volcano  | Identified a +0 dire flail of flaming
 24273 | Volcano  | Identified a +0 dire flail of flaming
 24279 | Volcano  | Reached skill level 12 in Dodging
 24356 | Volcano  | Identified a +2 shield of fire resistance {rF+} (You found
                  | it in a volcano)
 25545 | Lair:3   | Identified a +0 dagger
 25545 | Lair:3   | Identified a +0 robe
 25548 | Lair:3   | Reached XP level 14. HP: 78/78 MP: 33/33
 25915 | Lair:4   | Reached skill level 14 in Spellcasting
 25921 | Lair:4   | Reached skill level 13 in Conjurations
 26037 | Lair:4   | Found a staircase to the Swamp.
 26298 | Lair:4   | Found a hole to the Spider Nest.
 26404 | Lair:4   | Identified 5 potions of lignification
 26405 | Lair:4   | Identified a potion of ambrosia
 26406 | Lair:4   | Identified 3 potions of degeneration
 26407 | Lair:4   | Identified 3 potions of might
 26408 | Lair:4   | Identified an amulet of the acrobat (You found it on level
                  | 4 of the Lair of Beasts)
 26410 | Lair:4   | Identified a ring of teleportation (You found it on level 4
                  | of the Lair of Beasts)
 26417 | Lair:4   | Identified a scroll of silence
 26442 | Lair:4   | Identified a scroll of noise
 26443 | Lair:4   | Identified a scroll of immolation
 26477 | Lair:4   | Got a scorched short sword
 26842 | Lair:5   | Reached skill level 5 in Shields
 27001 | Lair:5   | Offered knowledge of Poison Arrow by Vehumet.
 27312 | Lair:5   | Found a staircase to the Slime Pits.
 27313 | Lair:5   | Found a viscous altar of Jiyva.
 27512 | Lair:6   | Entered Level 6 of the Lair of Beasts
 28182 | Lair:6   | Identified a +0 spear
 28199 | Lair:6   | Identified a +3 dagger of flaming
 28199 | Lair:6   | Identified a +0 robe
 28205 | Lair:6   | Identified a +0 rapier
 28205 | Lair:6   | Identified a +0 robe
 28205 | Lair:6   | Identified a +0 buckler
 28237 | Lair:6   | Identified a +0 dagger
 28237 | Lair:6   | Identified a +2 robe of magic resistance
 28241 | Lair:6   | Identified a +0 morningstar
 28261 | Lair:6   | Identified a cursed -1 short sword
 28261 | Lair:6   | Identified a +0 robe
 28284 | Lair:6   | Identified a +0 short sword
 28284 | Lair:6   | Identified a +0 robe
 28284 | Lair:6   | Identified a +0 buckler
 28347 | Lair:5   | Reached skill level 14 in Conjurations
 28538 | Lair:6   | Identified a +0 short sword
 28544 | Lair:6   | Identified a +0 rapier
 28544 | Lair:6   | Identified a +0 robe
 28556 | Lair:6   | Identified a +0 short sword
 28556 | Lair:6   | Identified a +0 robe
 28558 | Lair:6   | Identified a +0 dagger
 28558 | Lair:6   | Identified a +0 robe
 28578 | Lair:6   | Identified 2 potions of brilliance
 28579 | Lair:6   | Identified 2 potions of invisibility
 28580 | Lair:6   | Identified 2 potions of mutation
 28581 | Lair:6   | Identified 2 potions of berserk rage
 28582 | Lair:6   | Identified a potion of magic
 28582 | Lair:6   | Identified a +0 rapier
 28582 | Lair:6   | Identified a +0 robe
 28588 | Lair:6   | Identified the +3 short sword "Emunyr" {antimagic, rPois
                  | rC- Int+2 Dex+2} (You found it on level 4 of the Lair of
                  | Beasts)
 28591 | Lair:6   | Identified a scroll of fog
 28730 | Lair:6   | Reached skill level 1 in Evocations
 28842 | Lair:6   | Identified a +0 dagger
 28842 | Lair:6   | Identified a +0 robe
 29096 | Lair:6   | Identified a +0 pair of gloves (You found it on level 6 of
                  | the Lair of Beasts)
 29106 | Lair:6   | Identified a +0 pair of gloves (You found it on level 6 of
                  | the Lair of Beasts)
 29117 | Lair:6   | Reached skill level 6 in Shields
 29232 | Lair:6   | Identified a ring of protection from cold (You found it on
                  | level 6 of the Lair of Beasts)
 29438 | Orc:1    | Entered Level 1 of the Orcish Mines
 29456 | Orc:1    | Identified a +0 flail
 29458 | Orc:1    | Identified a +0 dagger
 29461 | Orc:1    | Identified a +0 halberd
 29461 | Orc:1    | Identified a +0 chain mail
 29463 | Orc:1    | Identified a +0 flail
 29464 | Orc:1    | Identified a +0 hand axe
 29464 | Orc:1    | Identified a +0 ring mail
 29477 | Orc:1    | Reached skill level 2 in Evocations
 29516 | Orc:1    | Identified a +0 flail
 29519 | Orc:1    | Identified a +0 leather armour
 29539 | Orc:1    | Identified a +0 club
 29553 | Orc:1    | Identified a +4 giant spiked club
 29553 | Orc:1    | Identified a +0 robe
 29553 | Orc:1    | Noticed Erolcha
 29557 | Orc:1    | Killed Erolcha
 29588 | Orc:1    | Identified a +0 scimitar
 29593 | Orc:1    | Identified a +0 hand axe
 29598 | Orc:1    | Identified a +0 broad axe
 29598 | Orc:1    | Identified a +0 chain mail
 29667 | Orc:1    | Identified a +0 club
 29675 | Orc:1    | Identified a +0 short sword
 29677 | Orc:1    | Identified a +0 dire flail
 29677 | Orc:1    | Identified a +0 plate armour
 29682 | Orc:1    | Identified a +0 war axe
 29682 | Orc:1    | Identified a +0 plate armour
 29683 | Orc:1    | Identified a +0 mace
 29683 | Orc:1    | Identified a +0 dagger
 29695 | Orc:1    | Reached skill level 3 in Evocations
 29829 | Orc:1    | Identified a +2 whip of venom
 29830 | Orc:1    | Identified a +0 scimitar
 29830 | Orc:1    | Identified a +0 plate armour
 29831 | Orc:1    | Identified a +5 dagger of draining
 29831 | Orc:1    | Identified a +0 cloak
 29831 | Orc:1    | Noticed Maurice
 29837 | Orc:1    | Identified a +0 great sword
 29837 | Orc:1    | Identified a +0 chain mail
 29837 | Orc:1    | Identified a +0 whip
 29838 | Orc:1    | Identified a +0 war axe
 29841 | Orc:1    | Identified a +0 giant spiked club
 29919 | Orc:1    | Killed Maurice
 29995 | Orc:1    | Identified a +0 hand axe
 29995 | Orc:1    | Identified a +0 whip
 29996 | Orc:1    | Identified a +0 flail
 29996 | Orc:1    | Identified a +0 leather armour
 29997 | Orc:1    | Identified a +0 dagger
 29997 | Orc:1    | Identified a +0 robe
 29999 | Orc:1    | Identified a +0 dire flail
 29999 | Orc:1    | Identified a +0 chain mail
 30002 | Orc:1    | Identified a +0 mace
 30002 | Orc:1    | Identified a +0 leather armour
 30004 | Orc:1    | Identified a +0 leather armour
 30004 | Orc:1    | Identified a +0 hand axe
 30006 | Orc:1    | Identified a +0 falchion
 30006 | Orc:1    | Identified a +0 halberd
 30006 | Orc:1    | Identified a +0 chain mail
 30007 | Orc:1    | Identified a +0 mace
 30009 | Orc:1    | Identified a +0 giant spiked club
 30332 | Orc:2    | Entered Level 2 of the Orcish Mines
 30332 | Orc:2    | Identified a +1 vampiric dagger
 30332 | Orc:2    | Identified a +2 robe of magic resistance
 30332 | Orc:2    | Identified a +0 dagger
 30332 | Orc:2    | Identified a +0 hand axe
 30332 | Orc:2    | Identified a +0 ring mail
 30335 | Orc:2    | Identified a +0 dagger
 30335 | Orc:2    | Identified a +0 robe
 30335 | Orc:2    | Identified a +0 giant spiked club
 30338 | Orc:2    | Identified a +0 halberd
 30338 | Orc:2    | Identified a +0 plate armour
 30340 | Orc:2    | Identified a +0 flail
 30340 | Orc:2    | Identified a +0 plate armour
 30340 | Orc:2    | Identified a +0 glaive
 30340 | Orc:2    | Identified a +0 chain mail
 30341 | Orc:2    | Identified a +0 dagger
 30341 | Orc:2    | Identified a +0 robe
 30341 | Orc:2    | Identified a +0 dagger
 30341 | Orc:2    | Identified a +2 robe of the Archmagi
 30342 | Orc:2    | Identified a +0 battleaxe
 30342 | Orc:2    | Identified a +0 chain mail
 30343 | Orc:2    | Identified a +0 hand axe
 30343 | Orc:2    | Identified a +0 chain mail
 30343 | Orc:2    | Identified a +0 dagger
 30343 | Orc:2    | Identified a +0 robe
 30344 | Orc:2    | Identified a +0 dagger
 30344 | Orc:2    | Identified a +0 robe
 30345 | Orc:2    | Identified a +0 glaive
 30345 | Orc:2    | Identified a +0 chain mail
 30345 | Orc:2    | Identified a +0 glaive
 30345 | Orc:2    | Identified a +0 plate armour
 30345 | Orc:2    | Identified a +0 dagger of holy wrath
 30345 | Orc:2    | Identified a +0 robe
 30348 | Orc:2    | Reached skill level 4 in Evocations
 30349 | Orc:2    | Identified a +0 hand axe
 30349 | Orc:2    | Identified a +0 chain mail
 30350 | Orc:2    | Identified a +0 morningstar
 30350 | Orc:2    | Identified a +0 chain mail
 30350 | Orc:2    | Identified a +0 long sword of holy wrath
 30350 | Orc:2    | Identified a +0 chain mail
 30350 | Orc:2    | Noticed an orc warlord
 30351 | Orc:2    | Identified a cursed -2 giant spiked club
 30351 | Orc:2    | Identified a +0 halberd
 30351 | Orc:2    | Identified a +0 chain mail
 30351 | Orc:2    | Identified a +0 dire flail
 30351 | Orc:2    | Identified a +0 plate armour
 30353 | Orc:1    | HP: 12/78 [orc warrior/+0 hand axe (22)]
 30526 | Orc:2    | Found a staircase to the Elven Halls.
 30542 | Orc:2    | Identified a +0 hand axe
 30542 | Orc:2    | Identified a +0 plate armour
 30575 | Orc:2    | Identified a +0 trident
 30577 | Orc:2    | Identified a cursed -3 glaive
 30577 | Orc:2    | Identified a +0 chain mail
 30579 | Orc:2    | Identified a +0 dagger
 30579 | Orc:2    | Identified a +0 robe
 30579 | Orc:2    | Identified a +0 dagger
 30579 | Orc:2    | Identified a +0 robe
 30579 | Orc:2    | Identified a +0 flail
 30679 | Orc:2    | Identified a +0 hand axe
 30680 | Orc:2    | Identified a +0 glaive
 30680 | Orc:2    | Identified a +0 plate armour
 30680 | Orc:2    | Identified a +0 dagger
 30680 | Orc:2    | Identified a +0 robe
 30681 | Orc:2    | Identified a +0 halberd
 30684 | Orc:2    | Identified a +0 trident
 30685 | Orc:2    | Identified a cursed +0 hand axe
 30685 | Orc:2    | Identified a +0 plate armour
 30687 | Orc:2    | Identified a +0 flail
 30687 | Orc:2    | Identified a +0 plate armour
 30687 | Orc:2    | Identified a +0 quarterstaff of crushing
 30687 | Orc:2    | Identified a +0 robe
 30687 | Orc:2    | Noticed Jorgrun
 30687 | Orc:2    | Identified a +0 flail
 30687 | Orc:2    | Identified a +0 plate armour
 30688 | Orc:2    | Identified a +0 mace
 30688 | Orc:2    | Identified a +0 chain mail
 30712 | Orc:2    | Identified a +0 dagger
 30712 | Orc:2    | Identified a +0 robe
 30716 | Orc:2    | Identified a +0 scimitar
 30716 | Orc:2    | Identified a +0 chain mail
 30727 | Orc:2    | Reached ****** piety under Vehumet
 30727 | Orc:2    | Reached skill level 7 in Shields
 30731 | Orc:2    | HP: 13/78 [Jorgrun/iron shot (41)]
 30838 | Orc:2    | Identified a +0 dagger
 30838 | Orc:2    | Identified a +2 robe of cold resistance
 30838 | Orc:2    | Identified a +0 whip
 30838 | Orc:2    | Identified a +0 short sword
 30838 | Orc:2    | Identified a +0 short sword
 30838 | Orc:2    | Identified a +0 whip
 30838 | Orc:2    | Identified a +0 ring mail
 30886 | Orc:2    | Identified a +0 mace
 30886 | Orc:2    | Identified a +0 plate armour
 30887 | Orc:2    | Identified a +0 flail
 30992 | Orc:2    | Identified a +0 dagger
 30992 | Orc:2    | Identified a +0 robe
 31008 | Orc:2    | Reached skill level 5 in Evocations
 31152 | Orc:2    | Identified a +0 hand axe
 31152 | Orc:2    | Identified a +0 chain mail
 31208 | Orc:2    | Killed Jorgrun
 31210 | Orc:2    | Reached XP level 15. HP: 82/82 MP: 25/35
 31268 | Orc:2    | Killed an orc warlord
 31268 | Orc:2    | Reached skill level 6 in Evocations
 31438 | Orc:2    | Identified a +0 dagger
 31438 | Orc:2    | Identified a +0 robe
 31442 | Orc:2    | Identified a +0 flail
 31444 | Orc:2    | Identified a cursed -1 club
 31444 | Orc:2    | Identified a +0 scale mail
 31444 | Orc:2    | Identified a +0 short sword
 31444 | Orc:2    | Identified a +0 leather armour
 31455 | Orc:2    | Identified a +0 halberd
 31455 | Orc:2    | Identified a +0 chain mail
 31460 | Orc:2    | Identified a +0 dagger
 31532 | Orc:2    | Found Ynipsoun's General Store.
 31553 | Orc:2    | Identified a +0 halberd
 31553 | Orc:2    | Identified a cursed +0 chain mail
 31580 | Orc:2    | Found Soavakhi's Antique Weapon Shoppe.
 31584 | Orc:2    | Identified a +0 halberd
 31584 | Orc:2    | Identified a +0 plate armour
 31654 | Orc:2    | Identified a +0 troll leather armour
 31774 | Orc:2    | Found Irodaiq's Antique Armour Emporium.
 31782 | Orc:2    | Bought a runed hat for 224 gold pieces
 31782 | Orc:2    | Bought a heavily runed cloak for 304 gold pieces
 31792 | Orc:2    | Identified the +2 cloak of Creativity {Int+2} (You bought
                  | it in a shop on level 2 of the Orcish Mines)
 31802 | Orc:2    | Identified a +1 hat (You bought it in a shop on level 2 of
                  | the Orcish Mines)
 31812 | Orc:2    | Identified a +1 hat
 31869 | Orc:2    | Found Dosoifom's Jewellery Boutique.
 31877 | Orc:2    | drasked: ??slay
 31877 | Orc:2    | beem: slay ~ slaying[1/2]: Added to your weapon
                  | {enchantment}. Magic is unaffected, throwing and unarmed
                  | combat are affected.
 31877 | Orc:2    | meem: slay ~ slaying[1/2]: Added to your weapon
                  | {enchantment}. Magic is unaffected, throwing and unarmed
                  | combat are affected.
 31877 | Orc:2    | drasked: ??slay2
 31877 | Orc:2    | meem: I don't have a page labeled slay2 in my learndb.
 31877 | Orc:2    | beem: I don't have a page labeled slay2 in my learndb.
 31877 | Orc:2    | drasked: ??slay[2/2]
 31877 | Orc:2    | meem: slay ~ slaying[2/2]: Like other stat rings, slaying
                  | rings can generate as high as +6 and as low as -6.
 31877 | Orc:2    | beem: slay ~ slaying[2/2]: Like other stat rings, slaying
                  | rings can generate as high as +6 and as low as -6.
 31877 | Orc:2    | Bought the ring "Axinut" {rElec rF+ Slay-6 SInv} for 300
                  | gold pieces
 31936 | Orc:2    | Found a roughly hewn altar of Beogh.
 32151 | D:15     | Entered Level 15 of the Dungeon
 32160 | D:15     | Identified a +0 short sword
 32161 | D:15     | Identified a +0 dagger
 32161 | D:15     | Identified a +0 robe
 32161 | D:15     | Identified a +0 dagger
 32161 | D:15     | Identified a +0 robe
 32162 | D:15     | Identified a +0 arbalest
 32162 | D:15     | Identified a +3 battleaxe
 32162 | D:15     | Identified a +0 plate armour
 32163 | D:15     | Identified a +0 arbalest
 32171 | D:15     | Offered knowledge of Freezing Cloud by Vehumet.
 32180 | D:15     | Identified a +0 arbalest
 32183 | D:15     | Identified a cursed -2 shortbow
 32189 | D:15     | Reached skill level 8 in Shields
 32191 | D:15     | Identified a +0 shortbow
 32192 | D:15     | Identified a +0 shortbow
 32193 | D:15     | Identified a +0 shortbow
 32199 | D:15     | Identified a cursed -1 shortbow
 32202 | D:15     | Reached skill level 7 in Evocations
 32217 | D:15     | Identified a +0 shortbow
 32362 | D:15     | Identified a +0 hand axe
 32362 | D:15     | Identified a +0 ring mail
 32365 | D:15     | Identified a +0 hand axe
 32365 | D:15     | Identified a +0 leather armour
 32366 | D:15     | Identified a +0 hand axe
 32366 | D:15     | Identified a +0 leather armour
 32373 | D:15     | Identified a +0 glaive
 32383 | D:15     | Identified a cursed -3 glaive
 32580 | D:15     | Identified a +0 short sword
 32580 | D:15     | Identified a +0 shortbow
 32580 | D:15     | Identified a +0 leather armour
 32594 | D:15     | Identified a +3 great sword
 32594 | D:15     | Identified a +0 leather armour
 32671 | D:15     | Identified a +0 dagger
 32671 | D:15     | Identified a +2 robe
 32672 | D:15     | Found a staircase to the Depths.
 32680 | D:15     | Identified a +2 halberd of chopping
 32680 | D:15     | Identified a +0 ring mail of fire resistance
 32818 | D:15     | Identified a +0 dagger
 32818 | D:15     | Identified a +0 longbow
 32818 | D:15     | Identified a +0 leather armour
 33069 | D:15     | Identified a cursed +0 short sword
 33069 | D:15     | Identified a +0 robe
 33079 | D:15     | Identified a cursed +0 battleaxe
 33079 | D:15     | Identified a +0 robe
 33103 | D:15     | Identified a cursed -2 great mace
 33103 | D:15     | Identified a +0 robe
 33127 | D:15     | Identified a +4 battleaxe
 33127 | D:15     | Identified a +0 robe
 33192 | D:15     | Identified a +0 war axe
 33192 | D:15     | Identified a +0 chain mail
 33361 | D:15     | Reached skill level 8 in Evocations
 33361 | D:15     | Identified a +0 giant spiked club
 33361 | D:15     | Identified a +0 giant club
 33373 | D:15     | Reached skill level 9 in Shields
 33756 | Spider:1 | Entered Level 1 of the Spider Nest
 33756 | Spider:1 | Identified a +0 dagger
 33756 | Spider:1 | Identified a +0 robe of magic resistance
 33756 | Spider:1 | Noticed Josephine
 34135 | D:6      | Bought an uncursed ring of poison resistance for 220 gold
                  | pieces
 34388 | Swamp:1  | Entered Level 1 of the Swamp
 34403 | Swamp:1  | HP: 14/83 [bog body (17)]
 34746 | Spider:1 | Identified a +0 lajatang
 34746 | Spider:1 | Identified a cursed +0 robe
 34746 | Spider:1 | Noticed Agnes
 34753 | Lair:4   | Offered knowledge of Bolt of Cold by Vehumet.
 34848 | Lair:4   | Learned a level 7 spell: Orb of Destruction
 35049 | Depths:1 | Entered Level 1 of the Depths
 35052 | Depths:1 | Identified a +0 dire flail
 35052 | Depths:1 | Identified a +0 dire flail
 35059 | Depths:1 | Identified a +0 troll leather armour
 35059 | Depths:1 | HP: 19/84 [stone giant/large rock (32)]
 35060 | Depths:1 | Identified a +0 troll leather armour
 35389 | Spider:1 | Reached skill level 6 in Fighting
 35393 | Spider:1 | Killed Josephine
 35394 | Spider:1 | Killed Agnes
 35402 | Spider:1 | HP: 15/84 [jumping spider (9)]
 35402 | Spider:1 | HP: 1/84 [wolf spider (13)]
 35403 | Spider:1 | Slain by a wolf spider

Table legend:
 A = Turns spent in this place as a percentage of turns spent in the entire game.
 B = Non-inter-level travel turns spent in this place as a percentage of non-inter-level travel turns spent in the entire game.
 C = Inter-level travel turns spent in this place as a percentage of turns spent in this place.
 D = Turns resting spent in this place as a percentage of non-inter-level travel turns spent in this place.
 E = Turns spent auto-exploring this place as a percentage of non-inter-level travel turns spent in this place.
 F = Non-inter-level travel turns spent in this place divided by the number of levels of this place that you've seen.
                   A       B       C       D       E      F
               +-------+-------+-------+-------+-------+----------------------
         Total | 100.0 | 100.0 |   8.4 |  32.6 |  43.5 | 1118.1
       Dungeon |  63.7 |  63.1 |   9.2 |  35.8 |  42.6 | 1363.7
        Temple |   0.1 |   0.1 |   0.0 |   0.0 |   0.0 |  43.0
          Lair |  23.0 |  22.9 |   8.6 |  21.0 |  56.2 | 1240.2
         Swamp |   0.1 |   0.1 |   0.0 |   0.0 |   0.0 |  18.0
   Spider Nest |   0.1 |   0.1 |   0.0 |   0.0 |   0.0 |  25.0
  Orcish Mines |   7.8 |   7.9 |   7.1 |  33.0 |  35.5 | 1275.0
        Depths |   0.0 |   0.0 |   0.0 |   0.0 |   0.0 |  14.0
         Sewer |   4.1 |   4.5 |   0.0 |  57.0 |  19.6 | 1454.0
       Volcano |   1.2 |   1.3 |   0.0 |   2.4 |   3.8 | 425.0
               +-------+-------+-------+-------+-------+----------------------

Table legend:
 A = Kills in this place as a percentage of kills in entire the game.
 B = Kills by you in this place as a percentage of kills by you in the entire game.
 C = Kills by friends in this place as a percentage of kills by friends in the entire game.
 D = Other kills in this place as a percentage of other kills in the entire game.
 E = Experience gained in this place as a percentage of experience gained in the entire game.
 F = Experience gained in this place divided by the number of levels of this place that you have seen.
                   A       B       C       D       E      F
               +-------+-------+-------+-------+-------+----------------------
         Total | 100.0 | 100.0 |   N/A | 100.0 | 100.0 | 4842.4
       Dungeon |  52.3 |  53.2 |   N/A |  22.7 |  44.3 | 4152.0
          Lair |  24.5 |  24.0 |   N/A |  40.9 |  30.6 | 7156.0
         Swamp |   0.4 |   0.4 |   N/A |   0.0 |   0.7 | 996.0
   Spider Nest |   0.5 |   0.5 |   N/A |   0.0 |   2.8 | 3888.0
  Orcish Mines |  13.4 |  13.4 |   N/A |  13.6 |  14.0 | 9838.5
        Depths |   1.1 |   0.7 |   N/A |  18.2 |   4.4 | 6194.0
         Sewer |   6.1 |   6.1 |   N/A |   4.5 |   0.2 | 265.0
       Volcano |   1.6 |   1.7 |   N/A |   0.0 |   3.0 | 4193.0
               +-------+-------+-------+-------+-------+----------------------

Skill      XL: |  1  2  3  4  5  6  7  8  9 10 11 12 13 14 15 |
---------------+----------------------------------------------+-----
Conjurations   | 2 3 4 5 7 8 10 11 12 14 | 14.1
Poison Magic   | 2 5 |  5.0
Air Magic      | 1 2 5 |  5.0
Fire Magic     | 1 4 6 8 9 10 | 10.0
Spellcasting   | 6 8 10 12 13 14 | 14.7
Translocations | 2 5 |  5.1
Fighting       | 2 4 5 6 |  6.1
Dodging        | 4 8 12 | 12.0
Shields        | 4 7 9 |  9.6
Charms         | 1 5 |  5.6
Transmutations | 5 |  5.1
Evocations     | 5 8 |  8.8
Stealth        | |  2.4
Summonings     | |  1.1

Action                   |  1- 3 |  4- 6 |  7- 9 | 10-12 | 13-15 || total
-------------------------+-------+-------+-------+-------+-------++-------
Melee: Unarmed           |     5 |       |       |       |       ||     5
       Whip              |       |    28 |    92 |    16 |       ||   136
Throw: Dart              |     2 |    20 |    13 |    13 |    72 ||   120
 Cast: Magic Dart        |    97 |   225 |   311 |   288 |   414 ||  1335
       Conjure Flame     |       |     6 |    15 |     3 |     2 ||    26
       Mephitic Cloud    |       |     7 |    41 |    66 |    90 ||   204
       Force Lance       |       |       |    21 |   139 |   483 ||   643
       Blink             |       |       |     1 |     1 |       ||     2
       Lightning Bolt    |       |       |       |    87 |    92 ||   179
       Swiftness         |       |       |       |     1 |     4 ||     5
       Ignite Poison     |       |       |       |    13 |    38 ||    51
       Bolt of Magma     |       |       |       |       |    53 ||    53
       Venom Bolt        |       |       |       |       |    40 ||    40
       Orb of Destructio |       |       |       |       |     2 ||     2
Evoke: Wand              |       |       |     4 |       |     2 ||     6
  Use: Scroll            |     1 |     2 |     6 |     7 |    20 ||    36
       Potion            |       |       |     4 |     1 |     4 ||     9
 Stab: Confused          |       |       |     2 |       |       ||     2
  Eat: Chunk             |     4 |    10 |     8 |    24 |    19 ||    65
       Ration            |       |       |     5 |     2 |     8 ||    15
Armor: Robe              |     1 |    11 |     1 |       |    18 ||    31
       Troll leather arm |       |       |    83 |    53 |    41 ||   177
Dodge: Dodged            |    12 |    71 |   158 |    98 |   149 ||   488
Block: Buckler           |       |       |       |    20 |     8 ||    28
       Shield            |       |       |       |       |    99 ||    99

Vanquished Creatures
  Jorgrun (Orc:2)
  Agnes (Spider:1)
  An orc warlord (Orc:2)
  Nessos (D:12)
  An ettin (Depths:1)
  Josephine (Spider:1)
  Erolcha (Orc:1)
  A great orb of eyes (Depths:1)
  4 hydras
  4 vault guards (D:14)
  5 centaur warriors
  4 two-headed ogres
  5 death yaks (Lair:4)
  2 deep troll earth magi (Depths:1)
  A deep troll shaman (Depths:1)
  4 tengu warriors
  Urug (Lair:1)
  10 spriggans
  4 orc high priests
  Sonja (D:11)
  A fire crab (shapeshifter) (Depths:1)
  A sea snake (shapeshifter) (D:15)
  5 skeletal warriors
  2 unseen horrors
  3 deep trolls (Depths:1)
  2 deep elf archers (D:15)
  A swamp dragon (Swamp:1)
  Pikel (D:4)
  2 orc knights
  An oklob plant (Lair:2)
  A deep elf mage (D:12)
  2 manticores (D:14)
  An orb spider (Spider:1)
  6 orc sorcerers
  A necromancer (Lair:3)
  13 ugly things
  A wolf spider (D:15)
  A cyclops (D:15)
  3 centaur zombies
  3 black mambas
  Maurice (Orc:1)
  An elephant (D:11)
  Psyche (D:8)
  5 gargoyles
  6 spiny frogs
  2 rime drakes (Lair:5)
  11 komodo dragons
  A kobold demonologist (D:13)
  3 yaktaurs (D:15)
  2 tengu conjurers
  3 polar bears (Lair:6)
  3 jumping spiders
  6 trolls
  6 meliai
  2 harpy skeletons (Volcano)
  8 slime creatures
  7 hornets
  Prince Ribbit (D:5)
  10 hippogriffs
  Grinder (D:4)
  10 blink frogs
  3 flying skulls (Volcano)
  2 shadows (D:15)
  36 yaks
  4 wraiths
  A basilisk (Lair:2)
  8 vampire mosquitoes (D:15)
  A hungry ghost (D:7)
  A swamp worm (Swamp:1)
  4 wargs
  10 water moccasins
  4 porcupines
  2 ice beasts
  34 orc warriors
  A swamp drake (Swamp:1)
  2 slaves (D:4)
  4 black bears (Lair:6)
  4 sky beasts
  A necrophage (D:7)
  2 phantoms
  7 ogres
  3 boggarts (Lair:6)
  14 centaurs
  41 wolves
  8 crocodiles
  3 big kobolds
  A gnoll sergeant (D:9)
  14 bullfrogs
  A wyvern skeleton (D:12)
  2 scorpions
  18 killer bees
  A troll skeleton (Volcano)
  8 wights
  4 howler monkeys
  2 spriggan skeletons (Volcano)
  A vampire bat (D:8)
  2 crimson imps
  3 quasits
  9 hounds
  5 jellies
  15 orc priests
  5 centaur skeletons
  2 bullfrog skeletons
  8 iguanas
  Natasha (D:2)
  21 orc wizards
  7 worker ants
  2 yak simulacra (Lair:3)
  2 polar bear simulacra (Lair:3)
  5 wolf simulacra (Lair:3)
  A hound skeleton (D:6)
  18 adders
  5 gnolls (D:9)
  10 river rats
  6 shadow imps
  7 oozes
  An adder zombie (D:8)
  A worm (shapeshifter) (D:15)
  4 worms
  An adder skeleton (D:4)
  A dart slug (D:3)
  7 leopard geckos
  64 orcs
  13 ball pythons
  3 bat skeletons (D:8)
  2 bat zombies (D:8)
  6 giant cockroaches
  9 goblins
  16 hobgoblins
  4 jackals
  4 quokkas
  7 bats
  6 frilled lizards
  2 jackal skeletons
  32 kobolds
  24 rats
  2 river rat simulacra (Lair:3)
789 creatures vanquished.

Vanquished Creatures (others)
  A centaur (D:15)
  A shadow imp (D:4)
  A dart slug (D:4)
  An orc (D:12)
  3 fungi
  3 plants
10 creatures vanquished.

Grand Total: 799 creatures vanquished
